 Dungeon Crawl Stone Soup version 0.31-a0-83-gbff143cfd1 (webtiles) character file.

Game seed: 6024581601503831376

2 Esekla the Sneak (level 1, 16/16 HPs)
             Began as an Octopode Delver on May 24, 2023.
             Quit the game on level 5 of the Dungeon.
             The game lasted 00:01:19 (109 turns).

Esekla the Sneak (Octopode Delver)                   Turns: 109, Time: 00:01:20

Health: 16/16      AC:  1    Str: 11    XL:     1   Next: 30%
Magic:  1/1        EV: 13    Int: 12    God:
Gold:   0          SH:  0    Dex: 13    Spells: 0/0 levels left

rFire   . . .        a - +0 falchion
rCold   . . .        (no shield)
rNeg    . . .        (helmet restricted)
rPois   .            (no amulet)
rElec   .            (no ring)
rCorr   .            (no ring)
SInv    .            (no ring)
Will    .....        (no ring)
Stlth   ++++         (no ring)
HPRegen 0.22/turn    (no ring)
MPRegen 0.07/turn    (no ring)
                     (no ring)

%: no passive effects
@: no status effects
A: almost no armour, amphibious, 8 rings, camouflage 1, gelatinous body 1,
(nimble swimmer 1), tentacles
a: no special abilities


You were on level 5 of the Dungeon.
You visited 1 branch of the dungeon, and saw 1 of its levels.

Inventory:

Hand Weapons
 a - a +0 falchion (weapon)
Wands
 f - a wand of digging (3)
Scrolls
 b - a scroll of fog
 c - a scroll of teleportation {unknown}
 d - a scroll of vulnerability {unknown}
Potions
 e - a potion of haste


   Skills:
 * Level 3.0 Fighting
 * Level 2.0 Long Blades
 * Level 2.0 Dodging
 + Level 6.6 Stealth


You couldn't memorise any spells.
You didn't know any spells.
Your spell library was empty.

Dungeon Overview and Level Annotations

Branches:
Dungeon (5/15)
 Temple: D:4-7

Altars:
Nemelex Xobeh

Shops:
D:5 !


Innate Abilities, Weirdness & Mutations

You cannot wear most types of armour.
You are amphibious.
You can wear up to eight rings at the same time.
Your skin changes colour to match your surroundings (Stealth+).
Your rubbery body absorbs attacks. (AC +1, EV +1)
((You are camouflaged when in or above water. (Stealth+)))
You have tentacles for arms and can constrict up to eight enemies at once.


Message History

The heart of this dungeon contains the splendid artefact, the Orb of Zot.
Press ? for a list of commands and other information.
Found a stone staircase leading down.
An ice beast comes into view.
There is a stone staircase leading down here.
An iguana comes into view.
The iguana hisses angrily.
Found Ibbul's Distillery.
As you read the scroll of fear, it crumbles to dust.
You assume a fearsome visage.
The iguana looks frightened!
As you read the scroll of magic mapping, it crumbles to dust.
You feel aware of your surroundings.
You sensed 1 altar.
Found a stone staircase leading up.
There is an entrance to Ibbul's Distillery here.
You can access your shopping list by pressing '$'.
There is a fountain of clear blue water here.
There is a stone staircase leading up here.
Found an escape hatch in the ceiling.
You open the door.
Found a whip and a scroll labelled FOSYJA WICZUI.
There is an open door here.
You close the door.
c - a scroll labelled FOSYJA WICZUI You open the large door.
An iguana comes into view.
Found a dagger.
Found a stone staircase leading down.
The iguana hisses angrily.
There is a large open door here.
As you close the large door, it creaks loudly!
Found a scroll labelled SYSSUFY GOFUJY.
An orc comes into view. It is wielding a +0 flail.
The orc hits you with a +0 flail.
You slash the orc!
You kill the orc!
Things that are here:
a +0 flail; 8 stones
d - a scroll labelled SYSSUFY GOFUJY An orc comes into view.
It is wielding a +0 flail.
Found a sparkling altar of Nemelex Xobeh.
Are you sure you want to abandon this character and quit the game? (Confirm with "yes".)

#####################*********
###....................,,,,,,,,,
#....####..####@._..##**,,****,,
#.#....................,,,,,,,,,
#.######.##############***,*****
#.# #.# *,* * #.# #.#**********
*,***** ##.######...........*
*,,,,,, .......##..........,*
******, ..)....##.........,,* *,
.......##o.....).,,,* *,


There were no monsters in sight!

Vanquished Creatures
  An orc (D:5)
1 creature vanquished.

Notes
Turn   | Place    | Note
-------+----------+-------------------------------------------
     0 | D:5      | Esekla the Octopode Delver began the quest for the Orb.
     0 | D:5      | Reached XP level 1. HP: 16/16 MP: 1/1
     1 | D:5      | Noticed an ice beast
     9 | D:5      | Noticed an iguana
    22 | D:5      | Found Ibbul's Distillery.
    71 | D:5      | Noticed an iguana
   103 | D:5      | Found a sparkling altar of Nemelex Xobeh.
   109 | D:5      | Quit the game

Illustrated notes

Levels and vault maps discovered:
D:5:      layout_basic, mainiacjoe_overflow_boulevard, serial_shops,
          nicolae_shop_temple_entry_statues_fountains, uniq_edmund

Action                     || total
---------------------------++-------
  Melee: Falchion          ||     1
    Use: Scroll            ||     2

Table legend: (Time is in decaauts)
 A = Elapsed time spent in this place.
 B = Non-inter-level travel time spent in this place.
 C = Inter-level travel time spent in this place.
 D = Time resting spent in this place.
 E = Time spent auto-exploring this place.
 F = Levels seen in this place.
 G = Mean time per level.
                   A        B        C        D        E       F      G
               +--------+--------+--------+--------+--------+-----+--------+
         Total |    109 |    109 |      0 |      0 |      0 |   1 |  109.0 |
       Dungeon |    109 |    109 |      0 |      0 |      0 |   1 |  109.0 |
               +--------+--------+--------+--------+--------+-----+--------+

Top non-repeatable levels by time:
     D:5: 109 daAuts
